Map: [ESL] Site Delta

Players

gumiho - Winner!

  • Race: Terran Terran
  • Spawn Location: 11:00

LiquidElazer (Elazer)

  • Race: Zerg Zerg
  • Spawn Location: 5:00

Event: HomeStory Cup XXV

VOD

Have the link to the VOD?

Description

Time

  • Played on: June 23, 2024, 9:18 a.m.
  • Length: 27:14

All games in this series

Show
View Real Time Build Order
Export as new Build Order

gumiho Terran - Winner!

Build Orders:  

Get SALT Encoding   

  12  0:00  SCV  
  13  0:12  SCV  
  14  0:16  Supply Depot  
  14  0:24  SCV  
  15  0:38  SCV  
  15  0:39  Barracks  
  15  0:42  Refinery  
  16  0:50  SCV  
  17  1:02  SCV  
  18  1:14  SCV  
  19  1:27  Orbital Command  
  19  1:34  Command Center  
  19  1:37  Marine  
  20  1:48  Factory  
  20  1:52  SCV  
  21  1:57  Refinery  
  21  2:01  Barracks Reactor  
  21  2:04  SCV  
  22  2:09  Supply Depot  
  22  2:16  SCV  
  23  2:31  SCV  
  23  2:32  Starport  
  24  2:40  Hellion x2  
  24  2:43  SCV  
  29  2:47  Orbital Command  
  29  2:49  Barracks Tech Lab  
  29  2:55  SCV  
  30  3:02  Hellion  
  34  3:05  Hellion  
  34  3:07  SCV  
  35  3:18  Banshee  
  38  3:22  SCV  
  38  3:24  SCV  
  40  3:34  SCV  
  40  3:35  Factory Tech Lab  
  40  3:36  SCV  
  42  3:41  Command Center  
  42  3:45  Supply Depot  
  42  3:47  SCV  
  42  3:48  SCV  
  44  4:06  Siege Tank  
  47  4:13  SCV  
  47  4:14  SCV  
  47  4:15  Marine x2  
  45  4:25  SCV  
  45  4:26  SCV  
  47  4:37  Engineering Bay  
  47  4:38  SCV x2, Engineering Bay  
  49  4:43  Barracks  
  52  4:46  Starport Reactor, Stimpack  
  52  4:50  SCV  
  52  4:51  Supply Depot, SCV, Barracks  
  51  4:53  Orbital Command  
  51  5:01  Barracks  
  51  5:02  SCV  
  51  5:03  SCV  
  51  5:04  Terran Infantry Weapons Level 1, Barracks  
  53  5:07  Terran Infantry Armor Level 1  
  53  5:14  SCV  
  53  5:15  SCV, Marine  
  53  5:16  Refinery  
  53  5:21  Orbital Command  
  56  5:24  Supply Depot, Siege Tank  
  56  5:27  SCV x2  
  61  5:32  Supply Depot, Starport Reactor, Marine  
  62  5:39  SCV  
  62  5:40  SCV  
  64  5:46  Marine  
  64  5:47  Marine x3  
  68  5:50  Supply Depot, Marine  
  68  5:51  SCV  
  68  5:52  SCV x2  
  68  5:53  Refinery, Barracks Reactor x2  
  72  5:57  Supply Depot, Siege Tank  
  72  6:03  SCV  
  72  6:04  SCV x2  
  78  6:05  Marine x3  
  78  6:06  Marine, Armory  
  78  6:08  Marine  
  83  6:12  Medivac x2  
  83  6:16  SCV x2  
  83  6:17  Supply Depot, SCV  
  90  6:20  Supply Depot  
  90  6:22  Marine  
  90  6:23  Marine x2  
  93  6:28  SCV x2  
  93  6:29  SCV  
  96  6:33  Siege Tank  
  96  6:38  Marine x2  
  96  6:39  Supply Depot, Marine x3  
  104  6:41  Marine  
  104  6:42  Combat Shield  
  105  6:52  Marine  
  105  6:53  Marine x2  
  103  6:56  Marine x3  
  103  6:57  Marine  
  103  6:59  Marine x2, Terran Infantry Weapons Level 2  
  109  7:03  Supply Depot  
  109  7:07  SCV x2  
  111  7:08  SCV  
  111  7:10  Supply Depot, Marine x2  
  111  7:12  Marine  
  111  7:14  Marine  
  113  7:19  Terran Infantry Armor Level 2  
  113  7:20  Marine  
  113  7:21  Marine x2  
  114  7:22  Marine  
  114  7:23  Marine  
  114  7:28  Marine x2  
  118  7:30  Marine  
  118  7:32  Marine  
  114  7:38  Siege Tank, Marine  
  114  7:39  Marine x2, Medivac x2  
  114  7:40  Marine  
  114  7:41  Marine  
  120  7:46  Marine x2  
  120  7:47  SCV x3  
  120  7:48  Marine  
  124  7:52  Marine  
  124  7:56  Marine x2  
  124  7:57  Marine  
  127  7:58  Supply Depot  
  127  7:59  SCV x2, Marine  
  127  8:00  Supply Depot, SCV, Marine, Factory  
  132  8:13  Command Center  
  132  8:16  Medivac x2  
  136  8:20  Marine x3  
  136  8:21  Marine x3  
  136  8:23  Marine  
  136  8:24  Marine  
  136  8:26  SCV x3, Terran Vehicle Weapons Level 1  
  141  8:31  Refinery x2  
  141  8:32  Marine  
  141  8:33  Siege Tank  
  145  8:36  Supply Depot  
  145  8:37  Supply Depot, Marine  
  145  8:38  SCV x3  
  149  8:44  Marine x6  
  149  8:45  Marine, Factory Tech Lab  
  156  8:50  Marine  
  153  8:55  Marine  
  153  9:01  Marine  
  153  9:02  Marine x4, Reaper, Medivac  
  159  9:03  Marine, Medivac  
  159  9:06  SCV x3, Siege Tank  
  159  9:07  Siege Tank  
  173  9:17  Sensor Tower  
  173  9:21  Supply Depot  
  173  9:30  Terran Infantry Weapons Level 3  
  173  9:38  Command Center  
  173  9:42  Command Center  
  173  9:43  Terran Infantry Armor Level 3  
  173  9:48  SCV x3, Barracks  
  173  9:49  Barracks  
  173  9:50  Barracks  
  173  9:51  Marine x5  
  181  9:59  Siege Tank  
  184  10:00  SCV x3  
  184  10:06  Siege Tank  
  190  10:07  Refinery  
  190  10:09  Refinery  
  190  10:10  Supply Depot  
  191  10:14  SCV x2  
  191  10:15  SCV  
  191  10:18  Planetary Fortress  
  193  10:26  Terran Vehicle And Ship Armor Level 1  
  193  10:28  Armory  
  193  10:30  Concussive Shells  
  193  10:31  Marauder  
  193  10:32  Siege Tank  
  198  10:38  Barracks Tech Lab  
  198  10:39  Barracks Tech Lab  
  198  10:40  Barracks Tech Lab  
  197  10:51  Command Center  
  197  10:58  Siege Tank  
  197  10:59  Sensor Tower  
  185  11:12  Siege Tank  
  185  11:16  Orbital Command x2, Terran Vehicle Weapons Level 2  
  187  11:20  Fusion Core  
  185  11:30  Siege Tank, Command Center  
  185  11:31  Command Center  
  188  11:37  Marauder  
  188  11:38  Marauder  
  191  11:41  Sensor Tower  
  190  11:49  Siege Tank  
  192  11:59  Medivac x2  
  181  12:02  Siege Tank  
  181  12:03  Marine  
  181  12:04  Marine x8  
  181  12:06  Marine  
  181  12:08  Marine x2  
  179  12:11  Caduceus Reactor  
  173  12:21  Siege Tank, Marine x3, Command Center  
  173  12:22  Marine x5  
  183  12:27  Marauder x3  
  189  12:32  Ghost Academy, Sensor Tower  
  189  12:35  Siege Tank  
  194  12:38  Liberator  
  194  12:40  Marauder  
  194  12:43  Terran Vehicle And Ship Armor Level 2  
  197  12:45  Orbital Command  
  197  12:46  Orbital Command, Missile Turret  
  197  12:52  Missile Turret  
  197  12:53  Siege Tank, Sensor Tower  
  200  13:01  Missile Turret  
  200  13:07  Advanced Ballistics  
  200  13:10  Missile Turret  
  200  13:11  Personal Cloaking  
  200  13:22  Orbital Command  
  200  13:32  Command Center  
  200  13:39  Command Center  
  195  13:46  Ghost x2  
  199  13:54  Refinery  
  199  14:02  Ghost  
  197  14:03  Refinery  
  187  14:14  Ghost x2  
  187  14:15  Liberator x2  
  195  14:19  Orbital Command  
  195  14:26  Command Center  
  195  14:30  Terran Vehicle Weapons Level 3  
  195  14:32  Sensor Tower  
  195  14:36  Factory x2  
  195  14:37  Nuke  
  195  14:39  Factory  
  195  14:42  Missile Turret  
  195  14:43  Command Center  
  195  14:49  Ghost x2  
  199  14:58  Starport  
  199  15:03  Barracks Tech Lab  
  199  15:36  Missile Turret x2  
  199  15:38  Missile Turret  
  199  15:39  Missile Turret  
  199  15:40  Missile Turret  
  187  16:06  Ghost x4  
  187  16:08  Ghost  
  185  16:20  Siege Tank  
  185  16:21  Siege Tank  
  185  16:22  Factory Tech Lab x2  
  185  16:23  Infernal Pre-Igniter  
  185  16:24  Factory Reactor  
  191  16:28  Orbital Command  
  191  16:29  Orbital Command  
  191  16:33  Smart Servos  
  191  16:34  Ghost x3  
  191  16:35  Terran Vehicle And Ship Armor Level 3  
  197  16:43  Missile Turret  
  197  16:44  Missile Turret x2  
  197  16:57  Hi-Sec Auto Tracking, Neosteel Armor  
  195  17:08  Terran Ship Weapons Level 1  
  194  17:25  Siege Tank x2  
  194  17:26  Siege Tank  
  198  17:43  Orbital Command  
  198  17:49  Command Center  
  198  18:17  Siege Tank  
  198  18:28  Orbital Command  
  198  18:30  Ghost x5  
  180  18:45  Siege Tank x2, Hellion  
  180  18:46  Hellion  
  190  18:52  Siege Tank x2  
  196  18:58  Ghost, Missile Turret  
  196  18:59  Ghost  
  196  19:00  Sensor Tower  
  196  19:01  Missile Turret  
  199  19:05  Terran Ship Weapons Level 2  
  199  19:21  Ghost  
  199  19:23  Ghost x2  
  187  19:24  Siege Tank x2  
  187  19:25  Hellion x2  
  191  19:33  Missile Turret  
  191  19:34  Missile Turret  
  191  19:35  Orbital Command  
  191  19:37  Command Center  
  191  19:38  Engineering Bay  
  191  19:47  Liberator x2  
  197  19:55  Hellion  
  199  20:03  Hellion x2  
  189  20:08  Thor x2  
  189  20:10  Hellion  
  197  20:28  Thor  
  171  20:29  Hellion x2  
  171  20:31  Thor  
  187  20:38  Orbital Command  
  187  20:42  Missile Turret  
  176  20:50  Hellion  
  176  20:51  Thor, Hellion x2  
  188  20:57  Ghost x3  
  194  21:05  Orbital Command  
  194  21:09  Ghost x2  
  198  21:11  Hellion  
  197  21:26  Ghost  
  197  21:31  Siege Tank  
  197  21:32  Hellion x2  
  199  21:34  Siege Tank  
  196  21:43  Sensor Tower  
  195  21:48  Missile Turret  
  195  21:49  Hellion x2  
  195  21:50  Missile Turret x2  
  195  21:52  Terran Ship Weapons Level 3  
  193  22:20  Orbital Command  
  189  23:07  Command Center  
  189  23:18  Command Center  
  186  23:26  Liberator x3  
  195  23:30  Command Center  
  195  23:37  Missile Turret  
  195  23:38  Refinery x2  
  195  23:43  Missile Turret, Sensor Tower  
  195  24:03  Hellion x3  
  188  24:10  Siege Tank x2  
  188  24:11  Hellion  
  183  24:24  Hellion x3  
  161  24:32  Liberator x4, Hellion  
  138  24:39  Orbital Command  
  138  24:41  Orbital Command  
  138  24:43  Hellion x2  
  138  24:44  Orbital Command  
  135  24:45  Thor  
  135  24:46  Hellion x2  
  141  24:53  Thor  
  141  24:56  Planetary Fortress  
  141  24:57  Orbital Command  
  141  24:59  Refinery x2  
  147  25:04  Siege Tank x2  
  155  25:07  Hellion x2  
  155  25:09  Missile Turret  
  157  25:21  Planetary Fortress  
  159  25:28  Siege Tank, Hellion  
  159  25:29  Hellion  
  164  25:36  Hellion x3  
  168  25:50  Hellion x2  
  170  25:57  Hellion  
  170  25:58  Hellion x2  
  170  26:01  Hellion  
  169  26:11  Hellion x2  
  162  26:19  Siege Tank, Hellion x2  
  162  26:22  Hellion  
  170  26:33  Hellion x2  
  170  26:40  Siege Tank, Hellion  
  170  26:44  Hellion  
  177  26:47  Orbital Command  
  177  26:51  Hellion  
Show
View Real Time Build Order
Export as new Build Order

LiquidElazer Zerg 

Build Orders: Hatch First, Lurkers 

Get SALT Encoding   

  12  0:00  Drone  
  13  0:11  Drone  
  14  0:14  Extractor  
  14  0:15  Drone  
  15  0:37  Hatchery  
  15  0:40  Extractor  
  15  0:41  Drone  
  15  0:47  Overlord  
  15  1:02  Spawning Pool  
  14  1:05  Drone  
  14  1:09  Drone  
  16  1:12  Drone  
  16  1:17  Drone  
  18  1:28  Drone  
  18  1:31  Extractor  
  18  1:38  Drone  
  19  1:48  Queen  
  19  1:49  Zergling x2, Queen  
  19  1:52  Drone  
  25  1:59  Drone  
  25  2:00  Overlord  
  26  2:12  Drone x2  
  28  2:22  Drone x2  
  30  2:27  Queen  
  34  2:32  Overlord  
  34  2:35  Drone  
  35  2:43  Drone  
  36  2:47  Metabolic Boost  
  36  2:58  Drone x6  
  42  3:03  Drone x2  
  42  3:07  Overlord  
  42  3:12  Hatchery  
  42  3:16  Zergling x4  
  42  3:22  Drone  
  43  3:33  Queen  
  43  3:34  Queen  
  45  3:35  Zergling x6  
  45  3:41  Zergling x2  
  51  3:45  Overlord  
  51  3:51  Overlord  
  51  4:01  Overlord  
  51  4:06  Zergling x4  
  51  4:12  Drone x9  
  55  4:24  Lair  
  55  4:25  Drone x3  
  55  4:27  Queen x2  
  60  4:35  Drone x2  
  60  4:36  Drone  
  63  4:43  Spore Crawler  
  62  4:46  Spore Crawler  
  62  4:47  Spore Crawler  
  62  4:50  Drone x3  
  63  4:59  Drone x7  
  67  5:00  Drone  
  67  5:02  Drone x4  
  74  5:09  Overlord  
  74  5:13  Evolution Chamber x2  
  72  5:18  Overlord, Extractor  
  72  5:19  Extractor  
  70  5:22  Overseer, Extractor  
  70  5:23  Hatchery  
  70  5:24  Drone x6  
  74  5:28  Overlord  
  74  5:33  Baneling Nest  
  74  5:34  Zergling x10  
  78  5:40  Zergling x6  
  81  5:43  Zerg Melee Weapons Level 1, Zerg Ground Armor Level 1  
  81  5:47  Drone  
  81  5:49  Zergling x4  
  84  5:56  Drone, Zergling x2  
  84  5:57  Hatchery, Zergling x2  
  87  6:02  Zergling x10  
  91  6:07  Zergling x2  
  91  6:08  Zergling x6  
  95  6:18  Zergling x6  
  98  6:20  Centrifugal Hooks  
  98  6:22  Burrow  
  98  6:23  Drone  
  98  6:24  Drone x3  
  102  6:28  Zergling x2  
  102  6:29  Zergling x6  
  102  6:31  Overlord x2  
  106  6:37  Drone x3  
  109  6:40  Drone x2  
  109  6:41  Baneling x8  
  110  6:51  Zergling x12  
  114  6:55  Zergling x2  
  113  7:02  Zergling x10  
  113  7:04  Baneling x12  
  113  7:07  Zergling x4  
  120  7:10  Zergling x10  
  124  7:20  Zergling x2  
  124  7:21  Zergling x14  
  125  7:24  Zergling x6  
  109  7:37  Zergling x16  
  109  7:40  Zergling x2  
  109  7:41  Zergling x8  
  118  7:46  Zerg Melee Weapons Level 2, Zerg Ground Armor Level 2  
  118  7:48  Zergling x12  
  120  7:52  Zergling x2  
  120  7:53  Zergling x4  
  120  7:57  Zergling x6  
  125  8:01  Overlord  
  125  8:02  Overlord  
  125  8:07  Extractor  
  125  8:08  Hydralisk Den, Drone x2  
  125  8:11  Baneling  
  125  8:15  Hatchery, Overlord x2  
  123  8:23  Drone x13  
  123  8:24  Overlord  
  134  8:33  Zergling x16  
  142  8:34  Overlord  
  142  8:35  Overlord  
  142  8:37  Hydralisk x3  
  148  8:43  Grooved Spines  
  148  8:49  Baneling x4  
  148  8:53  Hydralisk x8  
  159  9:07  Hydralisk x7  
  173  9:15  Baneling x4  
  173  9:18  Zergling x2  
  173  9:26  Zergling x2  
  173  9:27  Hatchery  
  173  9:28  Overlord x3  
  171  9:33  Muscular Augments  
  171  9:38  Baneling  
  171  9:39  Baneling x8  
  172  9:45  Drone x3  
  172  9:46  Extractor  
  172  9:47  Drone x3, Spore Crawler  
  172  9:49  Zergling x24  
  187  9:57  Baneling x5, Infestation Pit  
  186  10:04  Baneling x3, Hatchery  
  186  10:05  Baneling x5  
  184  10:15  Zergling x26  
  184  10:19  Baneling x2  
  197  10:25  Zerg Missile Weapons Level 1  
  197  10:27  Baneling  
  197  10:28  Baneling x11  
  197  10:31  Extractor  
  196  10:36  Baneling x2  
  191  10:44  Zergling x16  
  198  10:52  Zergling x2  
  198  10:53  Zergling x16  
  198  10:58  Zergling x2  
  198  11:04  Hive  
  186  11:12  Zergling x16  
  186  11:13  Zergling x14  
  186  11:15  Baneling x2  
  186  11:18  Zergling x4  
  200  11:24  Zergling x6  
  196  11:36  Zergling x8  
  196  11:38  Baneling x17  
  196  11:59  Zergling x44  
  184  12:07  Hydralisk x5  
  180  12:12  Zergling x20  
  183  12:26  Hydralisk x10  
  183  12:27  Adrenal Glands  
  183  12:29  Zerg Missile Weapons Level 2, Zerg Ground Armor Level 3  
  185  12:32  Zergling x10  
  185  12:34  Lurker Den  
  189  12:41  Baneling x2  
  189  12:42  Zergling x8  
  193  12:47  Drone x7  
  194  13:08  Drone x6  
  194  13:12  Spore Crawler  
  199  13:13  Spore Crawler x3  
  199  13:15  Baneling  
  199  13:16  Baneling x5  
  196  13:21  Extractor  
  196  13:25  Drone x5  
  198  13:50  Zergling x4  
  198  13:51  Seismic Spines  
  174  14:12  Zergling x40  
  174  14:13  Zergling x4  
  191  14:20  Lurker x9  
  200  14:24  Nydus Network  
  200  14:25  Nydus Network  
  200  14:28  Pneumatized Carapace  
  200  14:29  Overseer x2  
  198  14:32  Overseer  
  198  14:42  Hydralisk  
  198  14:45  Zerg Melee Weapons Level 3  
  200  14:48  Adaptive Talons  
  193  14:56  Zergling x2  
  193  14:57  Zergling x12  
  199  15:06  Nydus Canal  
  199  15:07  Nydus Canal  
  199  15:24  Nydus Canal x2  
  199  15:26  Hatchery  
  194  15:48  Hydralisk x4  
  199  15:55  Hatchery  
  199  15:56  Hatchery, Hydralisk  
  199  15:57  Hydralisk x6  
  190  16:08  Nydus Canal x2  
  190  16:10  Drone x10  
  191  16:14  Baneling x16  
  191  16:15  Lurker x8  
  196  16:23  Overseer x3  
  196  16:24  Zerg Missile Weapons Level 3  
  196  16:30  Viper  
  199  16:49  Nydus Canal x2  
  191  17:14  Zergling x2  
  191  17:15  Zergling x16  
  200  17:16  Baneling x2  
  200  17:17  Baneling x19  
  197  17:37  Spore Crawler x3  
  197  17:38  Spore Crawler  
  197  17:40  Spore Crawler, Drone x2  
  197  17:41  Drone x4  
  197  17:42  Spore Crawler  
  197  17:49  Spore Crawler  
  197  17:50  Spore Crawler  
  197  17:51  Spore Crawler  
  194  17:55  Zergling x2  
  194  17:56  Zergling x8  
  200  18:03  Spore Crawler x2  
  200  18:04  Spore Crawler  
  200  18:05  Spore Crawler  
  189  18:07  Drone x2  
  189  18:09  Drone x3  
  189  18:10  Drone x6  
  199  18:19  Spore Crawler x2, Drone x5  
  199  18:20  Drone  
  170  18:39  Zergling x86  
  197  18:42  Zergling x2  
  197  18:43  Zergling x2  
  192  18:52  Zergling x2  
  192  18:53  Zergling x20  
  199  18:59  Baneling x20  
  194  19:10  Baneling x19  
  194  19:11  Zergling x10  
  154  19:26  Zergling x6  
  154  19:27  Zergling x56  
  173  19:39  Infestor, Viper x2  
  173  19:41  Zergling x12  
  184  19:53  Spore Crawler  
  184  19:54  Hatchery, Spore Crawler  
  184  19:55  Spore Crawler  
  184  19:57  Spore Crawler, Zergling x2  
  184  19:58  Zergling x30  
  171  20:09  Zergling x18  
  170  20:17  Zergling x2  
  170  20:18  Zergling x22  
  176  20:27  Hydralisk  
  176  20:28  Hydralisk x11  
  143  20:32  Zergling x2  
  143  20:33  Zergling x10  
  165  20:39  Hydralisk x3  
  167  20:45  Zergling x26  
  165  20:52  Nydus Canal  
  165  20:57  Zergling x24  
  172  21:03  Zergling x10  
  170  21:05  Nydus Canal  
  170  21:10  Infestor x2  
  170  21:13  Zergling x20  
  175  21:27  Overlord x5  
  160  21:34  Zergling x18  
  151  21:41  Infestor x7, Neural Parasite  
  151  21:46  Zergling x18  
  173  21:51  Zergling x2  
  173  21:52  Zergling x4  
  169  22:14  Zergling x26  
  173  22:37  Zergling x10  
  174  22:44  Drone  
  174  22:51  Baneling x2  
  175  22:56  Baneling Nest  
  174  23:02  Overlord x3  
  174  23:19  Drone x6  
  174  23:23  Drone x10  
  174  23:24  Infestor x3, Drone x6  
  174  23:25  Infestor x5  
  190  23:36  Extractor  
  190  23:40  Baneling x22, Zergling x10, Extractor  
  192  23:42  Overlord  
  188  23:53  Zergling x8  
  188  23:54  Overlord x2  
  188  23:55  Overseer x3  
  188  24:06  Infestor x7  
  158  24:12  Zergling x36  
  152  24:31  Zergling x2  
  152  24:32  Zergling x18  
  149  24:40  Zergling x14  
  142  24:51  Overseer  
  142  24:52  Overseer  
  126  24:53  Zergling x14  
  133  25:06  Baneling x15, Hydralisk x8  
  149  25:09  Lurker x3  
  152  25:17  Zergling x14  
  158  25:24  Zergling x6  
  160  25:48  Viper  
  157  25:54  Zergling x42  
  171  26:09  Zergling x22  
  159  26:18  Nydus Canal  
  153  26:20  Drone x12  
  153  26:22  Baneling x2, Hydralisk x5  
  153  26:24  Zergling x2  
  160  26:31  Spore Crawler  
  122  26:35  Zergling x10  
  107  26:54  Zergling x20  
Tags
 
Add a new tag
Caveats
  • Supply blocks, unpowered buildings, or Contaminate may cause inaccurate times.
  • Supply counts are checked every 10 seconds.